 Dungeon Crawl Stone Soup version 0.30-a0-177-g1cb5dbfd7a (webtiles) character file.

Game seed: 15387144873865659516

7181 KennySheep the Grappler (level 11, -5/92 HPs)
             Began as a Ghoul Fighter on Oct 2, 2022.
             Was an Initiate of Yredelemnul.
             Slain by a two-headed ogre
             ... wielding a +0 giant spiked club
              (14 damage)
             ... on level 9 of the Dungeon.
             The game lasted 00:24:09 (6992 turns).

KennySheep the Grappler (Ghoul Fighter)             Turns: 6992, Time: 00:24:10

Health: -5/92      AC: 18    Str: 25    XL:     11   Next: 11%
Magic:  14/14      EV:  4    Int:  3    God:    Yredelemnul [......]
Gold:   2459       SH: 13    Dex:  8    Spells: 10/10 levels left

rFire   + + .      SeeInvis .      - Unarmed
rCold   + + .      Faith    .    p - +0 kite shield
rNeg    + + +      Spirit   .    i - +1 gold dragon scales
rPois   ∞          Reflect  +    G - +1 hat
rElec   .          Harm     .    (no cloak)
rCorr   .          Rampage  .    (no gloves)
Will    +....                    l - -2 pair of boots "Itoody" {rF+ Regen+ Slay+2 Stlth+}
Stlth   ..........               A - amulet of reflection
HPRegen 0.00/turn                u - ring of flight
MPRegen 0.14/turn                E - ring of willpower

@: flying, inhibited regen
A: claws 1, cold resistance 1, negative energy resistance 3, inhibited
regeneration, torment resistance 2, devour on kill
a: Renounce Religion, Recall Undead Harvest


You were on level 9 of the Dungeon.
You worshipped Yredelemnul.
Yredelemnul was noncommittal.
You visited 2 branches of the dungeon, and saw 10 of its levels.
You also visited: Sewer.

You collected 2769 gold pieces.
You spent 310 gold pieces at shops.

Inventory:

Missiles
 w - a throwing net (quivered)
Armour
 i - +1 gold dragon scales (worn)
 l - the -2 pair of boots "Itoody" (worn) {rF+ Regen+ Slay+2 Stlth+}
   (You acquired it in a sewer)

   Slay:      It affects your accuracy & damage with ranged weapons and melee
   (+2).
   rF:        It protects you from fire.
   Regen:     It increases your rate of health regeneration.
   Stlth:     It makes you more stealthy.
 p - a +0 kite shield (worn)
 G - a +1 hat (worn)
Jewellery
 u - a ring of flight (left claw)
 A - an amulet of reflection (around neck)
 E - a ring of willpower (right claw)
Wands
 t - a wand of light (9)
 y - a wand of paralysis (10)
 C - a wand of iceblast (7)
Scrolls
 a - a scroll of immolation {unknown}
 c - a scroll of blinking
 d - 3 scrolls of brand weapon
 g - 5 scrolls of teleportation
 h - 3 scrolls of vulnerability
 q - a scroll of amnesia
 B - 2 scrolls of enchant weapon
Potions
 e - a potion of mutation
 f - 3 potions of curing
 j - a potion of magic
 m - a potion of cancellation
 o - 2 potions of invisibility
 r - 3 potions of heal wounds
 v - 2 potions of attraction
 x - 2 potions of might
 z - 2 potions of haste
 D - a potion of berserk rage {unknown}
 F - a potion of brilliance
 H - a potion of resistance


   Skills:
 + Level 7.5 Fighting
 * Level 8.6 Armour
 + Level 5.3 Dodging
 + Level 5.0 Shields
 * Level 10.1 Unarmed Combat
 + Level 5.5 Invocations


You had 10 spell levels left.
You didn't know any spells.
Your spell library contained the following spells:

 Spells                   Type           Power      Damage    Failure   Level
 Magic Dart               Conj           0%         1d3       100%        1
 Sandblast                Erth           0%         2d4       100%        1
 Summon Small Mammal      Summ           0%         N/A       100%        1
 Passwall                 Tmut/Erth      0%         N/A       100%        2
 Searing Ray              Conj           0%         2d4       100%        2
 Call Canine Familiar     Summ           0%         N/A       100%        3
 Portal Projectile        Hex/Tloc       0%         N/A       100%        3
 Stone Arrow              Conj/Erth      0%         3d7       100%        3
 Summon Guardian Golem    Hex/Summ       0%         N/A       100%        3
 Tukima's Dance           Hex            0%         N/A       100%        3
 Fulminant Prism          Conj/Hex       0%         3d6       100%        4
 Freezing Cloud           Conj/Ice/Air   0%         6-21      100%        5
 Yara's Violent Unravell  Hex/Tmut       0%         3d3       100%        5
 Enfeeble                 Hex            0%         N/A       100%        7
 Malign Gateway           Summ/Tloc      0%         N/A       100%        7
 Summon Horrible Things   Summ           0%         N/A       100%        8
 Polar Vortex             Ice            0%         N/A       100%        9
 Blade Hands              Tmut           Unusable   N/A       N/A         5
 Simulacrum               Ice/Necr       Unusable   N/A       N/A         6

Dungeon Overview and Level Annotations

Branches:
Dungeon (9/15)             Temple (1/1) D:4           Sewer (visited)
   Lair: D:8-11         Orc: D:9-12

Altars:
Cheibriados
Dithmenos
Fedhas
Gozag
Kikubaaqudgha
Makhleb
Nemelex Xobeh
Okawaru
Qazlal
Ru
Sif Muna
Vehumet
Wu Jian
Xom
Yredelemnul

Shops:
D:3 [   D:8 !

Annotations:
D:2 1 runed translucent door, Crazy Yiuf


Innate Abilities, Weirdness & Mutations

You are immune to poison.
You have sharp fingernails.
Your flesh is cold resistant. (rC+)
You are immune to negative energy. (rN+++)
You do not regenerate when monsters are visible.
You are immune to unholy pain and torment.
You thrive by killing the living.


Message History

You scratch the two-headed ogre.
The two-headed ogre is moderately wounded.
Your killer bee zombie barely misses the orc wizard.
The two-headed ogre barely misses you.
The two-headed ogre hits you with a +0 giant club.
* * * LOW HITPOINT WARNING * * *
The orc wizard hits your killer bee zombie with a +0 dagger.
Your killer bee zombie is destroyed!
Okay, then.
Aiming: Paralyse
Press: ? - help, Shift-Dir - straight line, f - two-headed ogre
Aim: a two-headed ogre, wielding a +0 giant spiked club and a +0 giant club (moderately wounded, chance to affect: 31%)
Okay, then.
Aiming: Iceblast
Press: ? - help, Shift-Dir - straight line, f - two-headed ogre
Aim: a two-headed ogre, wielding a +0 giant spiked club and a +0 giant club (moderately wounded)
The mass of ice explodes!
The iceblast engulfs the two-headed ogre!
The two-headed ogre is heavily wounded.
The iceblast engulfs the orc wizard!
You kill the orc wizard!
You hear an angry growl.
You hear a shout!
The two-headed ogre attacks as you move away!
You block the two-headed ogre's attack.
The two-headed ogre hits you with a +0 giant club.
* * * LOW HITPOINT WARNING * * *
You claw the two-headed ogre!
The two-headed ogre is severely wounded.
The two-headed ogre hits you with a +0 giant spiked club!
* * * LOW HITPOINT WARNING * * *
You block the two-headed ogre's attack.
You claw the two-headed ogre!
The two-headed ogre is almost dead.
You barely miss the two-headed ogre.
The two-headed ogre is almost dead.
The two-headed ogre hits you with a +0 giant spiked club.
* * * LOW HITPOINT WARNING * * *
The two-headed ogre hits you with a +0 giant club!
You die...
Yredelemnul claims you as an undead slave.

### ... #># #.#
#.# #@# #O# #.#
#.# #.#
..######)#####...
........)........
#.....<.........
#...............


You could see a two-headed ogre.

Vanquished Creatures
  Gastronok (D:8)
  Amaemon (D:8)
  An orange demon (D:8)
  3 hornets
  A vampire (D:9)
  A wraith (D:6)
  3 yaks (D:8)
  Menkaure (D:4)
  Edmund (D:5)
  2 water moccasins
  A black bear (D:5)
  An orc warrior (D:8)
  2 sky beasts
  2 ogres
  4 centaurs
  2 kobold brigands (D:8)
  4 bullfrogs
  A gnoll sergeant (D:5)
  3 scorpions
  6 wights
  2 killer bees (D:9)
  3 howler monkeys
  3 hounds
  3 jellies
  A gnoll bouda (D:7)
  Ijyb (D:4)
  3 orc wizards
  Natasha (thrice) (D:4)
  4 iguanas
  Robin (D:4)
  10 gnolls
  13 adders
  4 river rats (Sewer)
  A shadow imp (D:3)
  A white imp (D:6)
  An ufetubus (D:5)
  A worm (D:4)
  3 dart slugs
  9 orcs
  A bat (D:1)
  3 endoplasms
  6 giant cockroaches
  13 goblins
  12 hobgoblins
  7 quokkas
  20 ball pythons
  8 frilled lizards
  14 kobolds
  24 rats
216 creatures vanquished.

Vanquished Creatures (collateral kills)
  A yak (D:8)
  A steam dragon (D:8)
  A phantom (D:5)
  A scorpion (D:6)
  3 wights (D:8)
  A killer bee (D:9)
  A gnoll bouda (D:8)
  A hound (D:5)
  An orc priest (D:8)
  3 gnolls
  A dart slug (D:7)
  2 orcs
  6 kobolds (D:8)
  A butterfly (D:4)
24 creatures vanquished.

Vanquished Creatures (others)
  2 hornet zombies
  A water moccasin zombie (D:9)
  A centaur zombie (D:9)
  2 killer bee zombies (D:9)
  A hound zombie (D:7)
  A human zombie (D:5)
  An iguana zombie (D:5)
  2 orcs (D:9)
  A dart slug zombie (D:4)
  4 kobold zombies (D:8)
  An orc zombie (D:7)
  A spectral ufetubus (D:5)
  17 fungi
  22 plants
57 creatures vanquished.

Grand Total: 297 creatures vanquished

Notes
Turn   | Place    | Note
-------+----------+-------------------------------------------
     0 | D:1      | KennySheep the Ghoul Fighter began the quest for the Orb.
     0 | D:1      | Reached XP level 1. HP: 19/19 MP: 0/0
   116 | D:1      | Reached XP level 2. HP: 26/26 MP: 1/1
   251 | D:1      | Found a faded altar of an unknown god.
   328 | D:1      | Reached skill level 3 in Unarmed Combat
   497 | D:1      | Reached XP level 3. HP: 31/31 MP: 2/2
   771 | D:2      | Identified the +0 robe of the Arcane {-Cast Rampage Will+++
                  | Stlth+}
   947 | D:2      | Reached XP level 4. HP: 40/40 MP: 3/3
  1016 | D:2      | Found a runed translucent door.
  1017 | D:2      | Noticed Crazy Yiuf
  1503 | D:3      | Found a glowing drain.
  1528 | Sewer    | Entered a sewer
  1588 | Sewer    | Reached XP level 5. HP: 31/46 MP: 4/4
  1659 | Sewer    | Reached skill level 4 in Unarmed Combat
  1725 | Sewer    | Reached skill level 1 in Dodging
  1934 | Sewer    | Identified 3 scrolls of acquirement
  1935 | Sewer    | Acquired 1131 gold pieces
  1937 | Sewer    | Acquired 1223 gold pieces
  1939 | Sewer    | Acquired the -2 pair of boots "Itoody" {rF+ Regen+ Slay+2
                  | Stlth+}
  1986 | Sewer    | Reached XP level 6. HP: 25/53 MP: 5/5
  2166 | D:3      | You fall into a shaft and drop 1 floor!
  2239 | D:4      | Reached skill level 5 in Unarmed Combat
  2251 | D:4      | Noticed Menkaure
  2282 | D:4      | Killed Menkaure
  2283 | D:4      | Reached XP level 7. HP: 29/60 MP: 6/6
  2327 | D:4      | Noticed Robin
  2389 | D:3      | Found Musmoq's Antique Armour Emporium.
  2548 | D:3      | Found an ornate altar of the Wu Jian Council.
  3009 | D:4      | Killed Robin
  3028 | D:4      | Noticed Natasha
  3039 | D:4      | Killed Natasha
  3100 | D:4      | Reached skill level 5 in Armour
  3235 | D:4      | Found a staircase to the Ecumenical Temple.
  3263 | Temple   | Entered the Ecumenical Temple
  3316 | Temple   | Became a worshipper of Yredelemnul the Dark
  3347 | D:4      | Reached skill level 5 in Fighting
  3430 | D:4      | Noticed Natasha
  3437 | D:4      | Killed Natasha
  3549 | D:4      | Reached skill level 6 in Unarmed Combat
  3549 | D:4      | Noticed Ijyb
  3564 | D:4      | Killed Ijyb
  3564 | D:4      | Reached * piety under Yredelemnul
  3656 | D:4      | Noticed Natasha
  3663 | D:4      | Killed Natasha
  3826 | D:5      | Entered Level 5 of the Dungeon
  3836 | D:5      | Noticed Edmund
  3848 | D:5      | Killed Edmund
  3849 | D:5      | Reached skill level 1 in Invocations
  3849 | D:5      | Reached XP level 8. HP: 57/68 MP: 7/7
  4023 | D:5      | Your ally Edmund died
  4094 | D:5      | Found an iron altar of Okawaru.
  4163 | D:5      | Reached ** piety under Yredelemnul
  4262 | D:5      | Reached skill level 7 in Unarmed Combat
  4283 | D:5      | Reached *** piety under Yredelemnul
  4785 | D:6      | Noticed a wraith
  4800 | D:6      | Killed a wraith
  4801 | D:6      | Reached XP level 9. HP: 37/75 MP: 8/10
  5462 | D:7      | Noticed a hornet
  5484 | D:7      | Killed a hornet
  5555 | D:7      | Reached skill level 8 in Unarmed Combat
  5896 | D:7      | Found a snail-covered altar of Cheibriados.
  6192 | D:8      | Noticed a hornet
  6201 | D:8      | Killed a hornet
  6244 | D:8      | Reached XP level 10. HP: 62/84 MP: 12/12
  6296 | D:8      | Reached skill level 9 in Unarmed Combat
  6337 | D:8      | Reached **** piety under Yredelemnul
  6352 | D:8      | Found a blossoming altar of Fedhas.
  6390 | D:8      | Noticed Amaemon
  6390 | D:8      | Noticed an orange demon
  6407 | D:8      | Killed Amaemon
  6417 | D:8      | Killed an orange demon
  6474 | D:8      | Noticed Gastronok
  6487 | D:8      | Killed Gastronok
  6487 | D:8      | Reached ***** piety under Yredelemnul
  6488 | D:8      | Reached skill level 5 in Dodging
  6488 | D:8      | Reached skill level 5 in Invocations
  6601 | D:8      | Found Veluw's Distillery.
  6611 | D:8      | Bought a potion of invisibility for 80 gold pieces
  6611 | D:8      | Bought a potion of resistance for 100 gold pieces
  6611 | D:8      | Bought a potion of attraction for 30 gold pieces
  6611 | D:8      | Bought a potion of haste for 100 gold pieces
  6934 | D:9      | Reached XP level 11. HP: 84/92 MP: 13/13
  6948 | D:9      | Reached skill level 10 in Unarmed Combat
  6951 | D:9      | Reached skill level 5 in Shields
  6970 | D:9      | Noticed a two-headed ogre
  6992 | D:9      | Slain by a two-headed ogre

Illustrated notes

Levels and vault maps discovered:
D:1:      mrwooster_arrival_statue_2, layout_basic,
          hellmonk_ecumenical_altar_heavens_door
D:2:      layout_basic, chequers_serial_rivers_room_a, grunt_decor_fettered,
          uniq_crazy_yiuf_cottage
D:3:      layout_loops_corners, mainiacjoe_overflow_six_doors_small,
          portal_sewer_entry_f, serial_shops, shop
D:4:      layout_gridville, minmay_temple_entry_butterflies, chequers_jeans,
          uniq_robin, uniq_ijyb, uniq_menkaure, uniq_natasha
D:5:      layout_basic, overflow_temple_1_default, minmay_misc_feat_square,
          nicolae_figureground_pulse, uniq_edmund
D:6:      layout_cave_pods
D:7:      layout_rooms, kennysheep_slug_shrine,
          nicolae_concentric_dashed_squares_mild
D:8:      layout_cave_pools, fedhas_ov_isle_minmay, serial_shops,
          shop_fountains, serial_bayou_pond_c, uniq_amaemon, uniq_gastronok
D:9:      layout_small_grid, trog_hazing_becter, mainiacjoe_overflow_alcove_4,
          grunt_lair_entry_orc_guard_hut, hangedman_minor_magic
Temple:   nicolae_temple_ecumenical_triangle

Skill      XL: |  1  2  3  4  5  6  7  8  9 10 11 |
---------------+----------------------------------+-----
Unarmed Combat | 3 4 5 6 7 8 9 10 | 10.1
Armour         | 3 4 5 6 7 8 |  8.6
Fighting       | 4 5 6 7 |  7.5
Dodging        | 1 2 3 4 5 |  5.3
Invocations    | 1 2 4 5 |  5.5
Shields        | 3 4 5 |  5.0

Action                   |  1- 3 |  4- 6 |  7- 9 | 10-12 || total
-------------------------+-------+-------+-------+-------++-------
Melee: Unarmed           |    91 |   235 |   373 |   121 ||   820
Evoke: Wand              |       |       |       |     1 ||     1
  Use: Scroll            |     2 |     7 |     3 |     2 ||    14
       Potion            |       |     5 |     7 |       ||    12
Armor: Scale mail        |    26 |       |       |       ||    26
       Gold dragon scale |     6 |   357 |   266 |    87 ||   716
Dodge: Dodged            |    44 |    28 |    35 |    17 ||   124
Block: Buckler           |    13 |    86 |    36 |       ||   135
       Kite shield       |       |       |    63 |    99 ||   162
       Reflection        |       |       |       |     3 ||     3

Table legend: (Time is in decaauts)
 A = Elapsed time spent in this place.
 B = Non-inter-level travel time spent in this place.
 C = Inter-level travel time spent in this place.
 D = Time resting spent in this place.
 E = Time spent auto-exploring this place.
 F = Levels seen in this place.
 G = Mean time per level.
                   A        B        C        D        E       F      G
               +--------+--------+--------+--------+--------+-----+--------+
         Total |   7063 |   6843 |    220 |    384 |   4819 |  11 |  642.1 |
       Dungeon |   6415 |   6211 |    204 |    274 |   4604 |   9 |  712.8 |
        Temple |     70 |     54 |     16 |      0 |     30 |   1 |   70.0 |
         Sewer |    578 |    578 |      0 |    110 |    185 |   1 |  578.0 |
               +--------+--------+--------+--------+--------+-----+--------+

Top non-repeatable levels by time:
     D:3: 961 daAuts
     D:4: 942 daAuts
     D:5: 882 daAuts
     D:7: 777 daAuts
     D:2: 734 daAuts
     D:8: 734 daAuts
     D:6: 722 daAuts
     D:1: 594 daAuts
   Sewer: 578 daAuts
  Temple: 70 daAuts
     D:9: 64 daAuts
